TOP OF THE 1ST |
Greensboro Hornets batting - Pitching for Raleigh-Durham Capitals : LHP Rodolfo Corderi
|
Pitching: LHP Rodolfo Corderi
|
|
Batting: RHB Armando Moreno
|
0-0: Foul Ball, location: 2F 0-1: Fly out, F8 (Flyball, 89D, EV 108.1 MPH)
|
Batting: SHB Mark Bailey
|
0-0: Ball 1-0: Ball 2-0: Ball 3-0: Fly out, F6 (Line Drive, 6, EV 66.9 MPH)
|
Batting: LHB Preston Cash
|
0-0: Ball 1-0: Called Strike 1-1: Foul Ball, location: 2F 1-2: Foul Ball, location: 2F 1-2: Strikes out swinging
|
Top of the 1st over - 0 runs, 0 hits, 0 errors, 0 left on base; Greensboro 0 - Raleigh-Durham 0 |
BOTTOM OF THE 1ST |
Raleigh-Durham Capitals batting - Pitching for Greensboro Hornets : RHP Mitch Cook
|
Pitching: RHP Mitch Cook
|
|
Batting: SHB Horace Ransom
|
0-0: Called Strike 0-1: Ball 1-1: Ball 2-1: Swinging Strike 2-2: Ball 3-2: Strikes out swinging
|
Batting: RHB Richard Ferchen
|
0-0: Called Strike 0-1: Ball 1-1: Foul Ball, location: 2F 1-2: SINGLE (Line Drive, 8LM, EV 108.1 MPH)
|
Batting: LHB Dwight Taylor
|
0-0: Ball 1-0: Fielders Choice at 2nd, 6-4 (Groundball, 6, EV 111.3 MPH)
|
Batting: LHB Dermot Moriarty
|
0-0: Ball 1-0: Called Strike 1-1: Fielders Choice at 2nd, 5-4 (Groundball, 56, EV 108.8 MPH)
|
Bottom of the 1st over - 0 runs, 1 hit, 0 errors, 1 left on base; Greensboro 0 - Raleigh-Durham 0 |
TOP OF THE 2ND |
Greensboro Hornets batting - Pitching for Raleigh-Durham Capitals : LHP Rodolfo Corderi
|
Batting: RHB Greg Jelks
|
0-0: Ball 1-0: Foul Ball, location: 2F 1-1: Ground out 4-3 (Groundball, 4, EV 98.8 MPH)
|
Batting: LHB Fernando Vazquez
|
0-0: Called Strike 0-1: Foul Ball, location: 2F 0-2: Ball 1-2: Ball 2-2: Reached on error, E1 (Groundball, 15S, EV 67.5 MPH)
|
Batting: RHB Bernardo Brito
|
0-0: SINGLE (Groundball, 6MD, EV 104.4 MPH) Fernando Vazquez to second
|
Batting: LHB Francisco Melendez
|
0-0: SINGLE (Line Drive, 9S, EV 90.0 MPH) Fernando Vazquez to third Bernardo Brito to second
|
Batting: LHB John Hughes
|
0-0: Ball 1-0: Called Strike 1-1: Ball 2-1: Called Strike 2-2: Fly out, F3 (Line Drive, 3, EV 72.5 MPH)
|
Batting: RHB Craig Hendrickson
|
0-0: Ball 1-0: Swinging Strike 1-1: Foul Ball, location: 2F 1-2: Ball 2-2: Strikes out looking
|
Top of the 2nd over - 0 runs, 2 hits, 1 error, 3 left on base; Greensboro 0 - Raleigh-Durham 0 |
BOTTOM OF THE 2ND |
Raleigh-Durham Capitals batting - Pitching for Greensboro Hornets : RHP Mitch Cook
|
Batting: LHB Richard Kelly
|
0-0: Ball 1-0: Called Strike 1-1: Foul Ball, location: 2F 1-2: Fly out, F7 (Flyball, 7LM, EV 82.5 MPH)
|
Batting: RHB Tony Camara
|
0-0: Called Strike 0-1: Ground out 5-3 (Groundball, 5, EV 109.4 MPH)
|
Batting: LHB Donald Jamerson
|
0-0: Fly out, F7 (Line Drive, 7, EV 107.5 MPH)
|
Bottom of the 2nd over - 0 runs, 0 hits, 0 errors, 0 left on base; Greensboro 0 - Raleigh-Durham 0 |
TOP OF THE 3RD |
Greensboro Hornets batting - Pitching for Raleigh-Durham Capitals : LHP Rodolfo Corderi
|
Batting: RHB Armando Moreno
|
0-0: Ball 1-0: Called Strike 1-1: Ball 2-1: Foul Ball, location: 2F 2-2: Fly out, F9 (Flyball, 9LS, EV 78.1 MPH)
|
Batting: SHB Mark Bailey
|
0-0: Swinging Strike 0-1: Ball 1-1: Ball 2-1: Foul Ball, location: 2F 2-2: Foul Ball, location: 2F 2-2: Foul Ball, location: 2F 2-2: Foul Ball, location: 2F 2-2: Ball 3-2: Base on Balls
|
Batting: LHB Preston Cash
|
0-0: Called Strike 0-1: Ball 1-1: SINGLE (Groundball, 6MD, EV 101.9 MPH) Mark Bailey to second Runner from 2nd tries for 3rd, SAFE, throw by CF made to third
|
Batting: RHB Greg Jelks
|
0-0: Foul Ball, location: 2F 0-1: Ball 1-1: Ball 2-1: Called Strike 2-2: Fly out, F8 (Flyball, 89D, EV 98.1 MPH) Runner from 3rd tags up, SCORES, throw by CF
|
Batting: LHB Fernando Vazquez
|
0-0: Ball 1-0: Foul Ball, location: 2F 1-1: Foul Ball, location: 2F 1-2: Ball 2-2: Ball 3-2: Ground out 6-3 (Groundball, 6, EV 105.0 MPH)
|
Top of the 3rd over - 1 run, 1 hit, 0 errors, 1 left on base; Greensboro 1 - Raleigh-Durham 0 |
BOTTOM OF THE 3RD |
Raleigh-Durham Capitals batting - Pitching for Greensboro Hornets : RHP Mitch Cook
|
Batting: RHB Luis Brito
|
0-0: Foul Ball, location: 2F 0-1: Called Strike 0-2: Strikes out swinging
|
Batting: RHB Marshall Burk
|
0-0: Ball 1-0: Ball 2-0: Foul Ball, location: 2F 2-1: Foul Ball, location: 2F 2-2: Foul Ball, location: 2F 2-2: Ball 3-2: Foul Ball, location: 2F 3-2: Foul Ball, location: 2F 3-2: Strikes out swinging
|
Batting: SHB Horace Ransom
|
0-0: Ball 1-0: Foul Ball, location: 2F 1-1: Foul Ball, location: 2F 1-2: Foul Ball, location: 2F 1-2: Ball 2-2: Strikes out swinging
|
Bottom of the 3rd over - 0 runs, 0 hits, 0 errors, 0 left on base; Greensboro 1 - Raleigh-Durham 0 |
TOP OF THE 4TH |
Greensboro Hornets batting - Pitching for Raleigh-Durham Capitals : LHP Rodolfo Corderi
|
Batting: RHB Bernardo Brito
|
0-0: Ball 1-0: Called Strike 1-1: Called Strike 1-2: Strikes out looking
|
Batting: LHB Francisco Melendez
|
0-0: Called Strike 0-1: Ball 1-1: Ball 2-1: Ground out 4-3 (Groundball, 34, EV 104.4 MPH)
|
Batting: LHB John Hughes
|
0-0: Called Strike 0-1: Ground out 4-3 (Groundball, 4, EV 78.8 MPH)
|
Top of the 4th over - 0 runs, 0 hits, 0 errors, 0 left on base; Greensboro 1 - Raleigh-Durham 0 |
BOTTOM OF THE 4TH |
Raleigh-Durham Capitals batting - Pitching for Greensboro Hornets : RHP Mitch Cook
|
Batting: RHB Richard Ferchen
|
0-0: Fly out, F8 (Flyball, 8RXD, EV 98.8 MPH)
|
Batting: LHB Dwight Taylor
|
0-0: Ball 1-0: Called Strike 1-1: Swinging Strike 1-2: Foul Ball, location: 2F 1-2: Ball 2-2: SINGLE (Groundball, 4M, EV 88.8 MPH) (infield hit)
|
Batting: LHB Dermot Moriarty
|
0-0: Fly out, F9 (Flyball, 89D, EV 98.1 MPH)
|
Batting: LHB Richard Kelly
|
0-0: Ball 1-0: Called Strike 1-1: SINGLE (Groundball, 23, EV 89.4 MPH) (infield hit) Dwight Taylor to second
|
Batting: RHB Tony Camara
|
0-0: Ball 1-0: Fly out, F2 (Popup, 2RF, EV 86.9 MPH)
|
Bottom of the 4th over - 0 runs, 2 hits, 0 errors, 2 left on base; Greensboro 1 - Raleigh-Durham 0 |
TOP OF THE 5TH |
Greensboro Hornets batting - Pitching for Raleigh-Durham Capitals : LHP Rodolfo Corderi
|
Batting: RHB Craig Hendrickson
|
0-0: Called Strike 0-1: Called Strike 0-2: Strikes out swinging
|
Batting: RHB Armando Moreno
|
0-0: Called Strike 0-1: Called Strike 0-2: Ball 1-2: Ground out 6-3 (Groundball, 6, EV 83.1 MPH)
|
Batting: SHB Mark Bailey
|
0-0: Ball 1-0: Ball 2-0: Ball 3-0: Base on Balls
|
Batting: LHB Preston Cash
|
0-0: Ball 1-0: Ball 2-0: Ball 3-0: Base on Balls Mark Bailey to second
|
Batting: RHB Greg Jelks
|
0-0: TRIPLE (Groundball, 3L, EV 101.3 MPH) Mark Bailey scores Preston Cash scores
|
Batting: LHB Fernando Vazquez
|
0-0: Reached on error, E4 (Groundball, 4, EV 104.4 MPH) Greg Jelks scores
|
Batting: RHB Bernardo Brito
|
0-0: Ball 1-0: Foul Ball, location: 2F 1-1: Swinging Strike 1-2: Ball 2-2: DOUBLE (Groundball, 5L, EV 104.4 MPH) Fernando Vazquez to third
|
Batting: LHB Francisco Melendez
|
0-0: Called Strike 0-1: SINGLE (Groundball, 4MD, EV 103.8 MPH) Fernando Vazquez scores Bernardo Brito to third Runner from 3rd tries for Home, SAFE, throw by CF to home
|
Batting: LHB John Hughes
|
0-0: Reached on error, E5 (Groundball, 56, EV 78.1 MPH) Francisco Melendez to second
|
Batting: RHB Craig Hendrickson
|
0-0: Foul Ball, location: 2F 0-1: Foul Ball, location: 2F 0-2: Foul Ball, location: 2F 0-2: Strikes out swinging
|
Top of the 5th over - 5 runs, 3 hits, 2 errors, 2 left on base; Greensboro 6 - Raleigh-Durham 0 |
BOTTOM OF THE 5TH |
Raleigh-Durham Capitals batting - Pitching for Greensboro Hornets : RHP Mitch Cook
|
Batting: LHB Donald Jamerson
|
0-0: Foul Ball, location: 2F 0-1: SINGLE (Groundball, 6M, EV 106.3 MPH)
|
Batting: RHB Luis Brito
|
0-0: Called Strike 0-1: Swinging Strike 0-2: Foul Ball, location: 2F 0-2: Ball 1-2: Ball 2-2: Ball 3-2: Foul Ball, location: 2F 3-2: Base on Balls Donald Jamerson to second
|
Batting: RHB Marshall Burk
|
0-0: Grounds into double play, 4-6-3 (Groundball, 34, EV 88.1 MPH) Donald Jamerson to third
|
Batting: SHB Horace Ransom
|
0-0: Called Strike 0-1: Ball 1-1: SINGLE (Flyball, 4MD, EV 90.6 MPH) Donald Jamerson scores
|
Batting: RHB Richard Ferchen
|
0-0: Called Strike Horace Ransom is caught stealing 2nd base 2-4
|
Bottom of the 5th over - 1 run, 2 hits, 0 errors, 0 left on base; Greensboro 6 - Raleigh-Durham 1 |
TOP OF THE 6TH |
Greensboro Hornets batting - Pitching for Raleigh-Durham Capitals : LHP Rodolfo Corderi
|
Batting: RHB Armando Moreno
|
0-0: Ball 1-0: Called Strike 1-1: Ball 2-1: Foul Ball, location: 2F 2-2: Foul Ball, location: 2F 2-2: Ball 3-2: Base on Balls
|
Batting: SHB Mark Bailey
|
0-0: Ball 1-0: Called Strike 1-1: Fly out, F6 (Popup, 6, EV 77.5 MPH)
|
Batting: LHB Preston Cash
|
0-0: Called Strike 0-1: Ball 1-1: Foul Ball, location: 2F 1-2: Ball 2-2: Strikes out swinging
|
Batting: RHB Greg Jelks
|
0-0: Called Strike 0-1: Foul Ball, location: 2F 0-2: Foul Ball, location: 2F 0-2: Strikes out swinging
|
Top of the 6th over - 0 runs, 0 hits, 0 errors, 1 left on base; Greensboro 6 - Raleigh-Durham 1 |
BOTTOM OF THE 6TH |
Raleigh-Durham Capitals batting - Pitching for Greensboro Hornets : RHP Mitch Cook
|
Batting: RHB Richard Ferchen
|
0-0: Ball 1-0: Called Strike 1-1: Ball 2-1: Swinging Strike 2-2: Ball 3-2: Strikes out swinging
|
Batting: LHB Dwight Taylor
|
0-0: Ball 1-0: Ground out 4-3 (Groundball, 4, EV 83.8 MPH)
|
Batting: LHB Dermot Moriarty
|
0-0: Ball 1-0: Foul Ball, location: 2F 1-1: Ball 2-1: Swinging Strike 2-2: Foul Ball, location: 2F 2-2: Ball 3-2: Base on Balls
|
Batting: LHB Richard Kelly
|
0-0: Ball 1-0: Called Strike 1-1: Ball 2-1: Foul Ball, location: 2F 2-2: Fly out, F5 (Popup, 5S, EV 78.8 MPH)
|
Bottom of the 6th over - 0 runs, 0 hits, 0 errors, 1 left on base; Greensboro 6 - Raleigh-Durham 1 |
TOP OF THE 7TH |
Greensboro Hornets batting - Pitching for Raleigh-Durham Capitals : LHP Rodolfo Corderi
|
Pitching: RHP Louie Uribe
|
|
Batting: LHB Fernando Vazquez
|
0-0: Ground out 6-3 (Groundball, 56, EV 85.0 MPH)
|
Batting: RHB Bernardo Brito
|
0-0: Fly out, F7 (Flyball, 7LD, EV 96.3 MPH)
|
Batting: LHB Francisco Melendez
|
0-0: Foul Ball, location: 2F 0-1: Ball 1-1: Ground out 1-3 (Groundball, 15S, EV 70.6 MPH)
|
Top of the 7th over - 0 runs, 0 hits, 0 errors, 0 left on base; Greensboro 6 - Raleigh-Durham 1 |
BOTTOM OF THE 7TH |
Raleigh-Durham Capitals batting - Pitching for Greensboro Hornets : RHP Mitch Cook
|
Batting: RHB Tony Camara
|
0-0: Called Strike 0-1: Foul Ball, location: 2F 0-2: Strikes out swinging
|
Batting: LHB Donald Jamerson
|
0-0: Called Strike 0-1: Called Strike 0-2: Ball 1-2: Ball 2-2: Strikes out swinging
|
Batting: RHB Luis Brito
|
0-0: Foul Ball, location: 2F 0-1: Fly out, F8 (Flyball, 89D, EV 90.6 MPH)
|
Bottom of the 7th over - 0 runs, 0 hits, 0 errors, 0 left on base; Greensboro 6 - Raleigh-Durham 1 |
TOP OF THE 8TH |
Greensboro Hornets batting - Pitching for Raleigh-Durham Capitals : RHP Louie Uribe
|
Batting: LHB John Hughes
|
0-0: Fly out, F7 (Flyball, 7S, EV 83.1 MPH)
|
Batting: RHB Craig Hendrickson
|
0-0: Ball 1-0: Fly out, F6 (Popup, 6M, EV 62.5 MPH)
|
Batting: RHB Armando Moreno
|
0-0: Fly out, F9 (Flyball, 89S, EV 90.6 MPH)
|
Top of the 8th over - 0 runs, 0 hits, 0 errors, 0 left on base; Greensboro 6 - Raleigh-Durham 1 |
BOTTOM OF THE 8TH |
Raleigh-Durham Capitals batting - Pitching for Greensboro Hornets : RHP Mitch Cook
|
Batting: RHB Marshall Burk
|
0-0: Called Strike 0-1: Ball 1-1: Ball 2-1: Fly out, F2 (Popup, 2LF, EV 86.9 MPH)
|
Batting: SHB Horace Ransom
|
0-0: Fly out, F3 (Popup, 3F, EV 81.9 MPH)
|
Batting: RHB Richard Ferchen
|
0-0: Ball 1-0: Ball 2-0: Foul Ball, location: 2F 2-1: Ball 3-1: Called Strike 3-2: Foul Ball, location: 2F 3-2: Ground out 6-3 (Groundball, 6, EV 81.3 MPH)
|
Bottom of the 8th over - 0 runs, 0 hits, 0 errors, 0 left on base; Greensboro 6 - Raleigh-Durham 1 |
TOP OF THE 9TH |
Greensboro Hornets batting - Pitching for Raleigh-Durham Capitals : RHP Louie Uribe
|
Batting: SHB Mark Bailey
|
0-0: Ground out 3-1 (Groundball, 34, EV 89.4 MPH)
|
Batting: LHB Preston Cash
|
0-0: Ball 1-0: Foul Ball, location: 2F 1-1: Swinging Strike 1-2: Ball 2-2: Ball 3-2: Base on Balls
|
Batting: RHB Greg Jelks
|
0-0: Foul Ball, location: 2F 0-1: Ball 1-1: Fly out, F9 (Line Drive, 9, EV 105.0 MPH)
|
Batting: LHB Fernando Vazquez
|
0-0: Called Strike 0-1: Ball 1-1: Foul Ball, location: 2F 1-2: Ball 2-2: Ball 3-2: Foul Ball, location: 2F 3-2: Base on Balls Preston Cash to second
|
Batting: RHB Bernardo Brito
|
0-0: Ball 1-0: Fielders Choice at 2nd, 5-4 (Groundball, 56, EV 103.8 MPH)
|
Top of the 9th over - 0 runs, 0 hits, 0 errors, 2 left on base; Greensboro 6 - Raleigh-Durham 1 |
BOTTOM OF THE 9TH |
Raleigh-Durham Capitals batting - Pitching for Greensboro Hornets : RHP Mitch Cook
|
Pitching: LHP Ken Angulo
|
|
Batting: LHB Dwight Taylor
|
0-0: Foul Ball, location: 2F 0-1: Ball 1-1: Ball 2-1: Called Strike 2-2: Strikes out swinging
|
Batting: LHB Dermot Moriarty
|
0-0: Ball 1-0: Called Strike 1-1: Ball 2-1: Ground out 4-3 (Groundball, 4, EV 102.5 MPH)
|
Batting: LHB Richard Kelly
|
0-0: Ball 1-0: Called Strike 1-1: Ball 2-1: Fly out, F5 (Popup, 56S, EV 84.4 MPH)
|
Bottom of the 9th over - 0 runs, 0 hits, 0 errors, 0 left on base; Greensboro 6 - Raleigh-Durham 1 |
|